AoeStats
← teccojc

Arabian Desert

510407942Analyzed
1v1 RM · 2d ago on Sep 30, 2026· 60m 33s· 2 players
Game mode
Random Map
Map size
Tiny (2 player)
Population
200
Speed
Normal
Resources
Standard
Victory
Conquest
Starting age
Dark Age
Ending age
Imperial Age
RankedLock teamsTeams togetherTeam positionsShared explorationLock speedFull tech treeHidden civsTurbo modeCheats
Victory
Defeat
🇦🇷 Ethiopians · Argentina
933
+17
🇫🇷 Mongols · France
947
-43
teccojc
5:44 Loom
6:29 Loom
10:31 Feudal Age
10:43 Man-at-Arms
18:45 Castle Age
19:04 Light Cavalry
21:16 Forging
29:06 Iron Casting
28:37 Scale Barding Armor
30:23 Wheelbarrow
33:34 Imperial Age
32:30 Husbandry
33:48 Royal Heirs
35:00 Horse Collar
36:42 Chemistry
36:07 Hussar
37:44 Fletching
38:30 Iron Casting
38:28 Scale Mail Armor
41:53 Elite Skirmisher
42:58 Ballistics
42:31 Heated Shot
43:22 Bodkin Arrow
43:27 Padded Archer Armor
45:40 Leather Archer Armor
45:26 Bracer
48:58 Ring Archer Armor
49:29 Blast Furnace
50:40 Scale Barding Armor
56:42 Chain Barding Armor
58:03 Elite Shotel Warrior
fritiers
8:32 Loom
10:18 Feudal Age
16:05 Castle Age
16:42 Horse Collar
17:34 Fletching
28:00 Forging
33:38 Light Cavalry
34:29 Bloodlines
35:51 Husbandry
38:57 Town Watch
43:01 Imperial Age
40:54 Bodkin Arrow
41:36 Ballistics
41:12 Murder Holes
43:03 Town Patrol
43:41 Wheelbarrow
44:25 Elite Mangudai
47:00 Chemistry
47:26 Hussar
47:40 Pikeman
51:01 Bracer
51:38 Iron Casting
52:32 Hoardings
52:20 Conscription
57:19 Nomads
Connection lost

Rejoining the realm…

Still unreachable

The connection could not be restored.

Session expired

The server has moved on; the page needs a fresh start.